 Dungeon Crawl Stone Soup version 0.21.1-1-g345015fe64 (webtiles) character file.

133 Gargoyl the Skirmisher (level 4, -3/40 HPs)
             Began as a Centaur Abyssal Knight on May 28, 2018.
             Was a Follower of Lugonu.
             Slain by Sigmund
             ... wielding a +0 scythe
              (10 damage)
             ... on level 3 of the Dungeon.
             The game lasted 00:03:39 (2224 turns).

Gargoyl the Skirmisher (Centaur Abyssal Knight)     Turns: 2224, Time: 00:03:40

Health: -3/40      AC:  9    Str: 14    XL:     4   Next: 93%
Magic:  6/6        EV:  5    Int: 11    God:    Lugonu [*.....]
Gold:   150        SH:  6    Dex: 10    Spells: 3/3 levels left

rFire    . . .     SeeInvis .   a - +1 hand axe
rCold    . . .     Gourm    .   h - +0 shield (curse)
rNeg     . . .     Faith    .   g - +0 ring mail
rPois    .         Spirit   .   d - +2 helmet
rElec    .         Reflect  .   (no cloak)
rCorr    .         Harm     .   (no gloves)
MR       .....                  (no barding)
Stlth    ..........             (no amulet)
HPRegen  0.13/turn              (no ring)
MPRegen  0.10/turn              (no ring)

@: very quick
A: large, hooves 3, deformed body, speed 2, tough skin 3
a: Depart the Abyss, Renounce Religion


You were on level 3 of the Dungeon.
You worshipped Lugonu.
Lugonu was aware of your devotion.
You were hungry.

You visited 1 branch of the dungeon, and saw 3 of its levels.
You visited the Abyss 1 time.

You collected 150 gold pieces.

Inventory:

Hand Weapons
 a - a +1 hand axe (weapon)
Missiles
 k - 3 tomahawks (quivered)
Armour
 d - a +2 helmet (worn)
 g - a +0 ring mail (worn)
 h - a cursed +0 shield (worn)
Wands
 m - a wand of digging (8)
Scrolls
 f - a scroll of identify
 l - a scroll of teleportation
Potions
 b - a potion of resistance
 i - 2 potions of agility {unknown}
Books
 e - a book of Dreams

   Spells                             Type                      Level
   a - Ensorcelled Hibernation        Hexes/Ice                    2
   b - Borgnjor's Vile Clutch         Necromancy/Earth             5
   c - Silence                        Hexes/Air                    5
   d - Darkness                       Hexes                        6
   e - Shadow Creatures               Summoning                    6
Comestibles
 c - 5 rations


   Skills:
 + Level 4.1 Fighting
 + Level 2.5 Axes
 * Level 2.1 Armour
 + Level 0.9 Dodging
 + Level 0.2 Shields
 * Level 2.9 Invocations


You had 3 spell levels left.
You didn't know any spells.

Dungeon Overview and Level Annotations

Branches:
Dungeon (3/15)

Altars:

Annotations:
D:3 Sigmund


Innate Abilities, Weirdness & Mutations

You have hooves in place of feet.
Armour fits poorly on your strangely shaped body.
You cover ground very quickly.
You have extremely tough skin. (AC +3)


Message History

Something hits you but does no damage.
You barely miss the gnoll. Your kick misses the gnoll.
The gnoll hits you with a spear. Something hits you.
The gnoll hits you with a spear.
You hit the gnoll. You kick the gnoll!
The gnoll is almost dead.
You hit the rat.
You kill the rat!
Lugonu accepts your kill. The gnoll hits you with a spear.
* * * LOW HITPOINT WARNING * * *
Something hits you.
* * * LOW HITPOINT WARNING * * *
You hit the gnoll.
You kill the gnoll!
Lugonu accepts your kill.
You hit the gnoll. You kick the gnoll.
The gnoll is moderately wounded.
Something hits you!
You die...

... ..# #.# .g# #.#
#.# #g# ##@##
####.######..<#####
............#.......#
####.###.##...#####.#
#.....##
#..##.####.#.#
#..##.........
###..##..###.#.
#........#


You could see 2 gnolls.

Vanquished Creatures
  A small abomination (Abyss:3)
  2 adders (D:2)
  2 gnolls (D:3)
  A leopard gecko (D:1)
  5 giant cockroaches
  3 goblins
  3 hobgoblins
  2 quokkas (D:2)
  7 bats
  3 frilled lizards
  6 kobolds
  9 rats
44 creatures vanquished.

Notes
Turn   | Place    | Note
-------+----------+-------------------------------------------
     0 | Abyss:1  | Gargoyl the Centaur Abyssal Knight began the quest for the Orb.
     0 | Abyss:1  | Reached XP level 1. HP: 19/19 MP: 2/2
    81 | Abyss:1  | Noticed a large abomination
   152 | Abyss:3  | Noticed a small abomination
   157 | Abyss:3  | Noticed a large abomination
   158 | Abyss:3  | Killed a small abomination
   158 | Abyss:3  | Reached skill level 4 in Fighting
   158 | Abyss:3  | Reached XP level 2. HP: 27/27 MP: 3/3
   158 | Abyss:3  | Reached XP level 3. HP: 33/33 MP: 4/4
   159 | Abyss:3  | Noticed an ancient zyme
   161 | D:1      | Escaped the Abyss
   454 | D:1      | Reached * piety under Lugonu
   634 | D:1      | Reached XP level 4. HP: 40/40 MP: 5/5
  2187 | D:3      | Noticed Sigmund
  2224 | D:3      | Slain by Sigmund

Skill      XL: |  1  2  3  4 |
---------------+-------------+-----
Fighting       | 4 |  4.1
Axes           | 2 |  2.5
Armour         | 2 |  2.1
Dodging        | |  0.9
Shields        | |  0.2
Invocations    | |  2.9

Action                   |  1- 3 |  4- 6 || total
-------------------------+-------+-------++-------
Melee: Hand axe          |    23 |    86 ||   109
       Kick              |     2 |    18 ||    20
Invok: Depart the Abyss  |     1 |       ||     1
  Use: Scroll            |     1 |     5 ||     6
       Potion            |     1 |       ||     1
  Eat: Chunk             |       |     2 ||     2
Armor: Ring mail         |     8 |    62 ||    70
Dodge: Dodged            |     9 |    22 ||    31
Block: Shield            |     2 |    39 ||    41
